 Dungeon Crawl Stone Soup version 0.28.0 (webtiles) character file.

Game seed: 17572390432621996085

97 Ayyar the Sneak (level 4, -1/30 HPs)
             Began as an Octopode Brigand on Apr 21, 2022.
             Slain by an orc (3 damage)
             ... on level 4 of the Dungeon.
             The game lasted 00:05:17 (2964 turns).

Ayyar the Sneak (Octopode Brigand)                  Turns: 2964, Time: 00:05:17

Health: -1/30      AC:  1    Str: 10    XL:     4   Next: 68%
Magic:  4/4        EV: 13    Int: 13    God:
Gold:   123        SH:  0    Dex: 15    Spells: 3/3 levels left

rFire   . . .      SeeInvis .   a - +2 dagger
rCold   . . .      Faith    .   (no shield)
rNeg    . . .      Spirit   .   (helmet restricted)
rPois   .          Reflect  .   (no amulet)
rElec   .          Harm     .   (no ring)
rCorr   .          Rampage  .   (no ring)
Will    .....                   (no ring)
Stlth   ++++......              (no ring)
HPRegen 0.10/turn               (no ring)
MPRegen 0.09/turn               (no ring)
                                (no ring)
                                (no ring)

@: no status effects
A: almost no armour, amphibious, 8 rings, camouflage 1, gelatinous body 1,
(nimble swimmer 1), tentacles
a: no special abilities


You were on level 4 of the Dungeon.
You visited 1 branch of the dungeon, and saw 4 of its levels.

You collected 123 gold pieces.

Inventory:

Hand Weapons
 a - a +2 dagger (weapon)
Missiles
 b - 22 poisoned darts (quivered)
 c - 2 curare-tipped darts
 o - 2 silver javelins
 p - 4 boomerangs
Jewellery
 n - a ring of magical power
Wands
 i - a wand of paralysis (5)
Scrolls
 f - a scroll of blinking
 g - 2 scrolls of identify
 h - a scroll of noise {unknown}
 k - a scroll of immolation {unknown}
Potions
 d - 2 potions of might {unknown}
 e - a potion of lignification {unknown}
 j - a potion of curing {unknown}
 l - a potion of mutation {unknown}
 m - a potion of degeneration {unknown}
 q - a potion of cancellation {unknown}


   Skills:
 + Level 2.7 Fighting
 * Level 2.8 Short Blades
 + Level 2.6 Throwing
 + Level 1.9 Dodging
 * Level 6.1 Stealth


You had 3 spell levels left.
You didn't know any spells.
Your spell library was empty.

Dungeon Overview and Level Annotations

Branches:
Dungeon (4/15)
 Temple: D:4-7

Altars:
Cheibriados


Innate Abilities, Weirdness & Mutations

You cannot wear most types of armour.
You are amphibious.
You can wear up to eight rings at the same time.
Your skin changes colour to match your surroundings (Stealth+).
Your rubbery body absorbs attacks. (AC +1, EV +1)
((You are camouflaged when in or above water. (Stealth+)))
You have tentacles for arms and can constrict up to eight enemies at once.


Message History

The orc shouts! x2; You hear a shout!
The orc wizard gestures at you while chanting.
You are confused.
You are too confused!
You are too confused!
You are too confused!
An orc comes into view. It is wielding a +0 dagger.
The orc wizard misses you.
The orc wizard points at you and mumbles some strange words.
The magic dart hits you.
You bump into the rock wall.
You bump into the rock wall.
You bump into the rock wall.
The orc wizard hits you with a +0 dagger.
The orc barely misses you.
You bump into the rock wall.
You feel less confused.
The orc wizard points at you and mumbles some strange words.
The puff of flame hits you. The orc barely misses you.
You hit the orc wizard. You grab the orc wizard.
The orc wizard is lightly wounded.
You constrict the orc wizard.
The orc wizard hits you with a +0 dagger.
The orc hits you with a +0 dagger. x2
* * * LOW HITPOINT WARNING * * *
Okay, then.
As you read the scroll labelled YDGHI UFESAAJ, it crumbles to dust.
It is a scroll of identify.
f - a scroll of blinking You constrict the orc wizard.
The orc hits you with a +0 club.
* * * LOW HITPOINT WARNING * * *
The orc wizard hits you with a +0 dagger.
* * * LOW HITPOINT WARNING * * *
The orc closely misses you. The orc misses you.
You hit the orc wizard.
The orc wizard is heavily wounded.
You constrict the orc wizard. The orc misses you.
The orc wizard hits you but does no damage.
The orc hits you with a +0 dagger.
You die...

## ## ####. .#
....### .#
#..#[###.#
#........######
#..............
#...oo#<.######
#...o@#.+#
#..#o##.#
#.......#
#.##+##.# # ..#
.## .


You could see an orc wizard and 3 orcs.

Vanquished Creatures
  3 adders
  A worm (D:2)
  A dart slug (D:1)
  2 bats
  6 endoplasms
  3 giant cockroaches
  3 goblins
  6 hobgoblins
  8 jackals
  4 quokkas
  10 ball pythons
  2 frilled lizards
  2 kobolds
  4 rats
55 creatures vanquished.

Notes
Turn   | Place    | Note
-------+----------+-------------------------------------------
     0 | D:1      | Ayyar the Octopode Brigand began the quest for the Orb.
     0 | D:1      | Reached XP level 1. HP: 14/14 MP: 1/1
   126 | D:1      | Reached XP level 2. HP: 9/19 MP: 2/2
   918 | D:1      | Reached XP level 3. HP: 24/24 MP: 3/3
  1379 | D:2      | Found a snail-covered altar of Cheibriados.
  1393 | D:2      | HP: 1/25 [jackal (3)]
  1725 | D:2      | Reached XP level 4. HP: 22/30 MP: 4/4
  1870 | D:2      | Reached skill level 6 in Stealth
  2674 | D:3      | Found a faded altar of an unknown god.
  2964 | D:4      | Slain by an orc

Illustrated notes

Levels and vault maps discovered:
D:1:      psy_arrival_heroes, layout_loops_ring, minmay_strange_pillars
D:2:      layout_rooms, basic_altar
D:3:      layout_loops_ring, basic_ecumenical_altar
D:4:      layout_loops_corners, lemuel_round_altar, cheibriados_altar_1,
          mainiacjoe_overflow_tiny_flanked, chequers_serial_rivers_room_a

Skill      XL: |  1  2  3  4 |
---------------+-------------+-----
Stealth        | 6 |  6.1
Fighting       | |  2.7
Short Blades   | |  2.8
Throwing       | |  2.6
Dodging        | |  1.9

Action                   |  1- 3 |  4- 6 || total
-------------------------+-------+-------++-------
Melee: Dagger            |    60 |    33 ||    93
       Constrict         |    13 |     8 ||    21
       Tentacles         |    10 |     8 ||    18
Throw: Dart              |       |     1 ||     1
  Use: Scroll            |       |     1 ||     1
 Stab: Sleeping          |    16 |     7 ||    23
Armor: Skin              |     1 |     4 ||     5
Dodge: Dodged            |    37 |    34 ||    71
